BSA
KANSAS CITY KINGS @ IRVINE GANG GREEN
05/18/2027
 
TOP OF THE 1ST
Kansas City Kings batting - Pitching for Irvine Gang Green : LHP Masutaro Koyama
Pitching: LHP Masutaro Koyama
Batting: RHB Chris Chandler 0-0: Called Strike
0-1: Foul Ball, location: 2F
0-2: Strikes out swinging
Batting: LHB Pablo Reyes 0-0: Called Strike
0-1: Foul Ball, location: 2F
0-2: Strikes out swinging
Batting: RHB Toshimichi Kono 0-0: SINGLE (Groundball, 34D)
Batting: SHB António De La Cruz 0-0: Ball
1-0: Swinging Strike
1-1: Ball
2-1: Foul Ball, location: 2F
2-2: Foul Ball, location: 2F
2-2: Strikes out swinging
Top of the 1st over - 0 run(s), 1 hit(s), 0 error(s), 1 left on base; Kansas City 0 - Irvine 0
BOTTOM OF THE 1ST
Irvine Gang Green batting - Pitching for Kansas City Kings : RHP Carlos Pacheco
Pitching: RHP Carlos Pacheco
Batting: LHB Jorge Martínez 0-0: Ball
1-0: Ball
2-0: Ball
3-0: Called Strike
3-1: Called Strike
3-2: Strikes out swinging
Batting: LHB Jesús Campos 0-0: Ball
1-0: Ball
2-0: Ball
3-0: Base on Balls
Batting: RHB José Salazar 0-0: Ball
1-0: Ball
2-0: Ball
3-0: SINGLE (Flyball, 7S)
Jesús Campos to second
Batting: LHB Víctor Quiñones 0-0: Foul Ball, location: 2F
0-1: Called Strike
0-2: Strikes out swinging
Batting: RHB Buck Jones 0-0: Ball
1-0: Ball
2-0: Foul Ball, location: 2F
2-1: Called Strike
2-2: Foul Ball, location: 2F
2-2: Ball
3-2: Base on Balls
Jesús Campos to third
José Salazar to second
Batting: LHB Leonardo Medina 0-0: Foul Ball, location: 2F
0-1: Fly out, F8 (Flyball, 8RD)
Bottom of the 1st over - 0 run(s), 1 hit(s), 0 error(s), 3 left on base; Kansas City 0 - Irvine 0
TOP OF THE 2ND
Kansas City Kings batting - Pitching for Irvine Gang Green : LHP Masutaro Koyama
Batting: LHB Brian Boone 0-0: Foul Ball, location: 2F
0-1: Ball
1-1: Ground out 3-1 (Groundball, 34)
Batting: RHB Eric Fuller 0-0: Ball
1-0: Foul Ball, location: 2F
1-1: Ball
2-1: Ball
3-1: Fly out, F8 (Line Drive, 8LS)
Batting: LHB Ray Spencer 0-0: Ball
1-0: Called Strike
1-1: Swinging Strike
1-2: Strikes out swinging
Top of the 2nd over - 0 run(s), 0 hit(s), 0 error(s), 0 left on base; Kansas City 0 - Irvine 0
BOTTOM OF THE 2ND
Irvine Gang Green batting - Pitching for Kansas City Kings : RHP Carlos Pacheco
Batting: RHB Manny Copriviza 0-0: Swinging Strike
0-1: Ball
1-1: Ball
2-1: Foul Ball, location: 2F
2-2: Ball
3-2: Fly out, F3 (Popup, 3S)
Batting: RHB Tom Doherty 0-0: Called Strike
0-1: Ball
1-1: SINGLE (Line Drive, 56D)
Batting: RHB Aaron Wilson 0-0: Grounds into double play, 4-6-3 (Groundball, 4)
Bottom of the 2nd over - 0 run(s), 1 hit(s), 0 error(s), 0 left on base; Kansas City 0 - Irvine 0
TOP OF THE 3RD
Kansas City Kings batting - Pitching for Irvine Gang Green : LHP Masutaro Koyama
Batting: RHB Raúl Bruno 0-0: Ball
1-0: Swinging Strike
1-1: Ball
2-1: Swinging Strike
2-2: Strikes out looking
Batting: RHB Keitaro Suzuki 0-0: Called Strike
0-1: Ground out 6-3 (Groundball, 6)
Batting: RHB Chris Chandler 0-0: Swinging Strike
0-1: Ball
1-1: Foul Ball, location: 2F
1-2: Strikes out swinging
Top of the 3rd over - 0 run(s), 0 hit(s), 0 error(s), 0 left on base; Kansas City 0 - Irvine 0
BOTTOM OF THE 3RD
Irvine Gang Green batting - Pitching for Kansas City Kings : RHP Carlos Pacheco
Batting: LHB Jorge Martínez 0-0: Fly out, F9 (Flyball, 9LM)
Batting: LHB Jesús Campos 0-0: Ball
1-0: Foul Ball, location: 2F
1-1: Swinging Strike
1-2: Ball
2-2: Strikes out looking
Batting: RHB José Salazar 0-0: Foul Ball, location: 2F
0-1: Ball
1-1: Foul Ball, location: 2F
1-2: Foul Ball, location: 2F
1-2: Ball
2-2: Ground out 5-3 (Groundball, 56S)
Bottom of the 3rd over - 0 run(s), 0 hit(s), 0 error(s), 0 left on base; Kansas City 0 - Irvine 0
TOP OF THE 4TH
Kansas City Kings batting - Pitching for Irvine Gang Green : LHP Masutaro Koyama
Batting: LHB Pablo Reyes 0-0: Called Strike
0-1: Ball
1-1: Swinging Strike
1-2: Ball
2-2: Foul Ball, location: 2F
2-2: Fly out, F6 (Line Drive, 6)
Batting: RHB Toshimichi Kono 0-0: Ground out 6-3 (Groundball, 6)
Batting: SHB António De La Cruz 0-0: Ball
1-0: Foul Ball, location: 2F
1-1: Called Strike
1-2: SINGLE (Line Drive, 7S)
Batting: LHB Brian Boone 0-0: Ball
1-0: Called Strike
1-1: Swinging Strike
1-2: Ball
2-2: Foul Ball, location: 2F
2-2: Ball
3-2: Foul Ball, location: 2F
3-2: Foul Ball, location: 2F
3-2: Strikes out swinging
Top of the 4th over - 0 run(s), 1 hit(s), 0 error(s), 1 left on base; Kansas City 0 - Irvine 0
BOTTOM OF THE 4TH
Irvine Gang Green batting - Pitching for Kansas City Kings : RHP Carlos Pacheco
Batting: LHB Víctor Quiñones 0-0: Called Strike
0-1: Called Strike
0-2: Ball
1-2: Fly out, F7 (Flyball, 7)
Batting: RHB Buck Jones 0-0: Fly out, F8 (Line Drive, 8RD)
Batting: LHB Leonardo Medina 0-0: Called Strike
0-1: Ball
1-1: Ground out U3 (Groundball, 34S)
Bottom of the 4th over - 0 run(s), 0 hit(s), 0 error(s), 0 left on base; Kansas City 0 - Irvine 0
TOP OF THE 5TH
Kansas City Kings batting - Pitching for Irvine Gang Green : LHP Masutaro Koyama
Batting: RHB Eric Fuller 0-0: Ball
1-0: Called Strike
1-1: Ball
2-1: Ball
3-1: Fly out, F7 (Flyball, 7)
Batting: LHB Ray Spencer 0-0: Called Strike
0-1: SINGLE (Line Drive, 34)
Batting: RHB Raúl Bruno 0-0: Called Strike
0-1: Ball
1-1: Ball
2-1: Grounds into double play, 5-4-3 (Groundball, 5)
Top of the 5th over - 0 run(s), 1 hit(s), 0 error(s), 0 left on base; Kansas City 0 - Irvine 0
BOTTOM OF THE 5TH
Irvine Gang Green batting - Pitching for Kansas City Kings : RHP Carlos Pacheco
Batting: RHB Manny Copriviza 0-0: Called Strike
0-1: Called Strike
0-2: Foul Ball, location: 2F
0-2: Ground out 5-3 (Groundball, 56)
Batting: RHB Tom Doherty 0-0: Called Strike
0-1: SINGLE (Line Drive, 8LS)
Batting: RHB Aaron Wilson 0-0: Ball
1-0: Called Strike
1-1: Called Strike
1-2: Ball
2-2: Ball
3-2: Foul Ball, location: 2F
3-2: Strikes out looking
Batting: LHB Jorge Martínez 0-0: Called Strike
0-1: Ball
1-1: Ball
2-1: Ball
3-1: Foul Ball, location: 2F
3-2: Base on Balls
Tom Doherty to second
Batting: LHB Jesús Campos 0-0: Foul Ball, location: 2F
0-1: Fly out, F7 (Flyball, 7LM)
Bottom of the 5th over - 0 run(s), 1 hit(s), 0 error(s), 2 left on base; Kansas City 0 - Irvine 0
TOP OF THE 6TH
Kansas City Kings batting - Pitching for Irvine Gang Green : LHP Masutaro Koyama
Batting: RHB Keitaro Suzuki 0-0: Ball
1-0: Called Strike
1-1: Ball
2-1: Fly out, F9 (Flyball, 9)
Batting: RHB Chris Chandler 0-0: Ball
1-0: Called Strike
1-1: DOUBLE (Line Drive, 7LM)
Batting: LHB Pablo Reyes 0-0: Foul Ball, location: 2F
0-1: Ball
1-1: Called Strike
Chris Chandler steals 3rd base
1-2: DOUBLE (Flyball, 89XD)
Chris Chandler scores
Batting: RHB Toshimichi Kono 0-0: Foul Ball, location: 2F
0-1: Ball
1-1: Called Strike
1-2: Ball
2-2: Fly out, F9 (Line Drive, 9LM)
Batting: SHB António De La Cruz 0-0: Called Strike
0-1: DOUBLE (Line Drive, 7LM)
Pablo Reyes scores
Batting: LHB Brian Boone 0-0: Ball
1-0: Ground out 4-3 (Groundball, 4)
Top of the 6th over - 2 run(s), 3 hit(s), 0 error(s), 1 left on base; Kansas City 2 - Irvine 0
BOTTOM OF THE 6TH
Irvine Gang Green batting - Pitching for Kansas City Kings : RHP Carlos Pacheco
Batting: RHB José Salazar 0-0: Ball
1-0: Called Strike
1-1: Ball
2-1: Called Strike
2-2: Ball
3-2: Fly out, F7 (Flyball, 7S)
Batting: LHB Víctor Quiñones 0-0: Ball
1-0: Swinging Strike
1-1: Foul Ball, location: 2F
1-2: Foul Ball, location: 2F
1-2: Foul Ball, location: 2F
1-2: Ball
2-2: Strikes out looking
Batting: RHB Buck Jones 0-0: Swinging Strike
0-1: Swinging Strike
0-2: Ground out 6-3 (Groundball, 6S)
Bottom of the 6th over - 0 run(s), 0 hit(s), 0 error(s), 0 left on base; Kansas City 2 - Irvine 0
TOP OF THE 7TH
Kansas City Kings batting - Pitching for Irvine Gang Green : LHP Masutaro Koyama
Batting: RHB Eric Fuller 0-0: Ball
1-0: Foul Ball, location: 2F
1-1: Ball
2-1: Foul Ball, location: 2F
2-2: Fly out, F8 (Flyball, 8RD)
Batting: LHB Ray Spencer 0-0: Called Strike
0-1: Ball
1-1: Ball
2-1: Swinging Strike
2-2: Foul Ball, location: 2F
2-2: Foul Ball, location: 2F
2-2: Foul Ball, location: 2F
2-2: Strikes out swinging
Batting: RHB Raúl Bruno 0-0: Swinging Strike
0-1: Ball
1-1: Ball
2-1: Ball
3-1: Swinging Strike
3-2: Foul Ball, location: 2F
3-2: Strikes out looking
Top of the 7th over - 0 run(s), 0 hit(s), 0 error(s), 0 left on base; Kansas City 2 - Irvine 0
BOTTOM OF THE 7TH
Irvine Gang Green batting - Pitching for Kansas City Kings : RHP Carlos Pacheco
Batting: LHB Leonardo Medina 0-0: Called Strike
0-1: Swinging Strike
0-2: Foul Ball, location: 2F
0-2: Ball
1-2: Ball
2-2: Fly out, F7 (Flyball, 7LS)
Batting: RHB Manny Copriviza 0-0: Ball
1-0: Ball
2-0: Ball
3-0: Called Strike
3-1: Ground out 6-3 (Groundball, 6)
Batting: RHB Tom Doherty 0-0: Ball
1-0: Foul Ball, location: 2F
1-1: Reached on error, E6 (Groundball, 6)
Batting: RHB Aaron Wilson 0-0: Ball
1-0: Ground out 1-3 (Groundball, 13)
Bottom of the 7th over - 0 run(s), 0 hit(s), 1 error(s), 1 left on base; Kansas City 2 - Irvine 0
TOP OF THE 8TH
Kansas City Kings batting - Pitching for Irvine Gang Green : LHP Masutaro Koyama
Batting: RHB Keitaro Suzuki 0-0: Fly out, F3 (Line Drive, 3S)
Batting: RHB Chris Chandler 0-0: Foul Ball, location: 2F
0-1: Ball
1-1: SINGLE (Line Drive, 78S)
Batting: LHB Pablo Reyes 0-0: Ball
1-0: Fly out, F2 (Popup, 5S)
Batting: RHB Toshimichi Kono 0-0: Ball
1-0: Called Strike
1-1: Ball
2-1: Ball
3-1: Swinging Strike
3-2: Strikes out swinging
Top of the 8th over - 0 run(s), 1 hit(s), 0 error(s), 1 left on base; Kansas City 2 - Irvine 0
BOTTOM OF THE 8TH
Irvine Gang Green batting - Pitching for Kansas City Kings : RHP Carlos Pacheco
Pitching: RHP Mike Hodges
Batting: LHB Jorge Martínez 0-0: Ball
1-0: Foul Ball, location: 2F
1-1: Foul Ball, location: 2F
1-2: Foul Ball, location: 2F
1-2: Foul Ball, location: 2F
1-2: Foul Ball, location: 2F
1-2: Ball
2-2: Foul Ball, location: 2F
2-2: Foul Ball, location: 2F
2-2: Ball
3-2: Foul Ball, location: 2F
3-2: Ground out 6-3 (Groundball, 6)
Batting: LHB Jesús Campos 0-0: Ball
1-0: Swinging Strike
1-1: Ball
2-1: Ground out U3 (Groundball, 3)
Batting: RHB José Salazar 0-0: Ball
1-0: Foul Ball, location: 2F
1-1: Ball
2-1: Called Strike
2-2: Ground out 5-3 (Groundball, 56S)
Bottom of the 8th over - 0 run(s), 0 hit(s), 0 error(s), 0 left on base; Kansas City 2 - Irvine 0
TOP OF THE 9TH
Kansas City Kings batting - Pitching for Irvine Gang Green : LHP Masutaro Koyama
Pitching: RHP Kuang-yin Yue
Batting: SHB António De La Cruz 0-0: Ball
1-0: Ball
2-0: Foul Ball, location: 2F
2-1: Foul Ball, location: 2F
2-2: Foul Ball, location: 2F
2-2: Foul Ball, location: 2F
2-2: Foul Ball, location: 2F
2-2: Strikes out swinging
Batting: LHB Brian Boone 0-0: Called Strike
0-1: Ball
1-1: Ground out 4-3 (Groundball, 4)
Batting: RHB Eric Fuller 0-0: Ball
1-0: Foul Ball, location: 2F
1-1: Fly out, F8 (Flyball, 8LD)
Top of the 9th over - 0 run(s), 0 hit(s), 0 error(s), 0 left on base; Kansas City 2 - Irvine 0
BOTTOM OF THE 9TH
Irvine Gang Green batting - Pitching for Kansas City Kings : RHP Mike Hodges
Pitching: LHP Ignacio Colón
Batting: LHB Víctor Quiñones 0-0: Ball
1-0: Ball
2-0: Ground out U3 (Groundball, 3L)
Batting: RHB Buck Jones 0-0: Foul Ball, location: 2F
0-1: Ball
1-1: Swinging Strike
1-2: Fly out, F6 (Popup, 6D)
Batting: LHB Leonardo Medina 0-0: Ball
1-0: Ball
2-0: Ground out 3-1 (Groundball, 34)
Bottom of the 9th over - 0 run(s), 0 hit(s), 0 error(s), 0 left on base; Kansas City 2 - Irvine 0
Thursday, March 30th, 2017 - OOTP Baseball 17.12 Build 75